 Dungeon Crawl Stone Soup version 0.29.0-11-gd7f09526c8 (webtiles) character file.

Game seed: 4395867902954903046

457 Powertoast the Covert (level 6, -2/28 HPs)
             Began as a Spriggan Enchanter on Sept 7, 2022.
             Killed from afar by Dowan (25 damage)
             ... with a shard of ice
             ... on level 4 of the Dungeon.
             The game lasted 00:11:14 (4500 turns).

Powertoast the Covert (Spriggan Enchanter)          Turns: 4500, Time: 00:11:15

Health: -2/28      AC:  6    Str:  4    XL:     6   Next: 77%
Magic:  9/11       EV: 17    Int: 17    God:
Gold:   115        SH:  0    Dex: 17    Spells: 3/10 levels left

rFire   . . .      SeeInvis +   a - +1 dagger
rCold   . . .      Faith    .   (no shield)
rNeg    . . .      Spirit   .   l - +0 robe
rPois   .          Reflect  .   u - +2 hat
rElec   .          Harm     .   m - +1 cloak
rCorr   .          Rampage  .   (gloves unavailable)
Will    +....                   (boots unavailable)
Stlth   +++++.....              (no amulet)
HPRegen 0.09/turn               v - ring of wizardry
MPRegen 0.12/turn               (no ring)

@: very quick
A: very small, no large weapons, unfitting armour, see invisible, speed 3
a: no special abilities


You were on level 4 of the Dungeon.
You visited 1 branch of the dungeon, and saw 5 of its levels.

You collected 141 gold pieces.
You spent 26 gold pieces at shops.

Inventory:

Hand Weapons
 a - a +1 dagger (weapon)
 b - a +0 dagger of holy wrath
Missiles
 k - 5 boomerangs
 r - 5 atropa-tipped darts
Armour
 l - a +0 robe (worn)
 m - a +1 cloak (worn)
 u - a +2 hat (worn)
Jewellery
 v - a ring of wizardry (left hand)
Scrolls
 d - 2 scrolls of butterflies
 f - a scroll of blinking
 i - a scroll of vulnerability
 j - a scroll of amnesia
 n - a scroll of acquirement
 o - a scroll of summoning {unknown}
 p - a scroll of teleportation {unknown}
 q - 4 scrolls of immolation
 w - a scroll of enchant weapon {unknown}
 y - a scroll of magic mapping {unknown}
Potions
 c - 2 potions of invisibility
 e - a potion of heal wounds {unknown}
 g - 2 potions of might {unknown}
 h - 5 potions of curing {unknown}
 s - a potion of degeneration {unknown}
 t - a potion of haste {unknown}
 x - 2 potions of magic {unknown}


   Skills:
 - Level 1.1 Short Blades
 - Level 2.6 Dodging
 * Level 11.8 Stealth
 - Level 2.6 Spellcasting
 - Level 3.6 Hexes


You had 3 spell levels left.
You knew the following spells:

 Your Spells              Type           Power      Damage    Failure   Level
a - Ensorcelled Hibernat  Hex/Ice        16%        N/A       5%          2
b - Confusing Touch       Hex            14%        N/A       4%          3
c - Blink                 Tloc           4%         N/A       11%         2

Your spell library contained the following spells:

 Spells                   Type           Power      Damage    Failure   Level
 Tukima's Dance           Hex            14%        N/A       4%          3
 Dazzling Flash           Conj/Hex       16%        N/A       11%         3
 Lesser Beckoning         Tloc           2%         N/A       21%         3
 Animate Dead             Necr           2%         N/A       54%         4
 Manifold Assault         Tloc           2%         N/A       86%         5
 Haunt                    Necr/Summ      1%         N/A       100%        7
 Infestation              Necr           1%         N/A       100%        8


Dungeon Overview and Level Annotations

Branches:
Dungeon (5/15)
 Temple: D:4-7

Altars:
Hepliaklqana
Nemelex Xobeh
Ru
Yredelemnul

Shops:
D:1 :*   D:2 *

Annotations:
D:4 Dowan


Innate Abilities, Weirdness & Mutations

You are very small and have problems with some larger weapons.
You are too small for most types of armour.
You have supernaturally acute eyesight. (SInv)
You cover ground extremely quickly. (Speed+++)


Message History

Aim: Duvessa, wielding a +0 rapier and wearing a +0 scale mail (chance to affect: 25%) Duvessa looks drowsy...
Dowan shouts!
The helpless Duvessa fails to defend herself.
You perforate Duvessa like a sieve!!!
You kill Duvessa!
Dowan seems overcome with grief.
Dowan seems to find hidden reserves of power!
Aiming: Ensorcelled Hibernation (safe; 5% risk of failure)
Press: ? - help, Q - select action, (/) - cycle Shift-Dir - straight line, f - Dowan
Aim: Dowan, wielding a +0 dagger and wearing a +0 robe (fast, chance to affect: 41%) Dowan looks drowsy...
The kobold shouts!
Dowan shouts!
Aiming: Ensorcelled Hibernation (safe; 5% risk of failure)
Press: ? - help, Q - select action, (/) - cycle Shift-Dir - straight line, f - kobold, p - Dowan
Aim: a kobold, wielding a +0 whip and quivering poisoned darts (chance to affect: 59%)
Okay, then.
There is a stone staircase leading down, spattered with blood here.
You climb downwards.
There is a stone staircase leading up here.
You start resting.
Magic restored.
You climb upwards.
Level annotation: Dowan The kobold hits you with a +0 whip. x2
There is a stone staircase leading down, spattered with blood here.
Aiming: Ensorcelled Hibernation (safe; 5% risk of failure)
Press: ? - help, Q - select action, (/) - cycle Shift-Dir - straight line, f - kobold
Aim: a kobold, wielding a +0 whip and quivering poisoned darts (chance to affect: 59%)
The kobold resists with significant effort.
The kobold hits you but does no damage.
You closely miss the kobold. Dowan barely misses you.
The kobold closely misses you.
You hit the kobold.
You kill the kobold!
Dowan points at you and mumbles some strange words.
The shard of ice hits you!!
Ouch! That really hurt!
You die...

.........#...#
...#.#e.#..# .#
#.........#######..
#....# ..........
##..###...##..# #
#<...........##.#
##................
.........>.e........
.#.#........)@.......
.....................
.#.#....##...........
......#.##...........
###....##.............
###.. ..............
...##..#.#.#... .#.
#..........


You could see Dowan (fast).

Vanquished Creatures
  A water moccasin (D:5)
  Duvessa (D:4)
  A sky beast (D:5)
  An iguana (D:5)
  An orc wizard (D:3)
  4 adders
  An ufetubus (D:5)
  A worm (D:2)
  2 dart slugs
  8 orcs
  5 bats
  4 endoplasms
  11 goblins
  4 hobgoblins
  6 ball pythons
  3 frilled lizards
  4 kobolds
  6 rats
  A spectral orc (D:3)
65 creatures vanquished.

Notes
Turn   | Place    | Note
-------+----------+-------------------------------------------
     0 | D:1      | Powertoast the Spriggan Enchanter began the quest for the
                  | Orb.
     0 | D:1      | Reached XP level 1. HP: 9/9 MP: 5/5
    27 | D:1      | Found Kewn's Book Shop.
   166 | D:1      | Reached skill level 5 in Stealth
   190 | D:1      | Reached XP level 2. HP: 12/13 MP: 6/6
   528 | D:1      | Found Usyt Yti's General Store.
  1087 | D:1      | Reached skill level 6 in Stealth
  1353 | D:1      | Reached XP level 3. HP: 9/16 MP: 8/8
  1861 | D:2      | Learned a level 2 spell: Ensorcelled Hibernation
  2034 | D:2      | Reached skill level 7 in Stealth
  2273 | D:2      | Found Xajioqel's General Store.
  2279 | D:2      | Bought a scroll of identify for 26 gold pieces
  2283 | D:2      | Identified a scroll of acquirement
  2623 | D:3      | Found a faded altar of an unknown god.
  2857 | D:3      | Found a hazy altar of Hepliaklqana.
  2932 | D:3      | Reached XP level 4. HP: 12/21 MP: 9/9
  3153 | D:3      | Found a basalt altar of Yredelemnul.
  3216 | D:3      | Learned a level 3 spell: Confusing Touch
  3219 | D:3      | Learned a level 2 spell: Blink
  3399 | D:3      | Reached skill level 8 in Stealth
  3503 | D:3      | Found a sparkling altar of Nemelex Xobeh.
  3777 | D:4      | Noticed Duvessa
  3777 | D:4      | Noticed Dowan
  3783 | D:5      | Entered Level 5 of the Dungeon
  3888 | D:5      | Noticed a water moccasin
  3890 | D:5      | Killed a water moccasin
  3891 | D:5      | Reached skill level 10 in Stealth
  3891 | D:5      | Reached XP level 5. HP: 24/24 MP: 10/10
  3985 | D:5      | Noticed a sky beast
  3992 | D:5      | Killed a sky beast
  3993 | D:5      | Reached skill level 11 in Stealth
  3993 | D:5      | Reached XP level 6. HP: 28/28 MP: 11/11
  4094 | D:5      | Found a sacrificial altar of Ru.
  4448 | D:4      | Killed Duvessa
  4500 | D:4      | Killed from afar by Dowan

Illustrated notes

Levels and vault maps discovered:
D:1:      scummos_arrival_gate, layout_loops_ring, serial_shops, shop,
          nicolae_shop_advertising_works [nicolae_subvault_shop_adworks]
D:2:      layout_basic, serial_shops, shop
D:3:      layout_loops_corners, yredelemnul_forgotten_temple_becter,
          lemuel_doored_altar, nicolae_overflow_hidden_temple,
          hellmonk_ecumenical_altar_blasted, uniq_crazy_yiuf_cottage
D:4:      layout_cave_pools, serial_co_window_serial, co_window_corner_a,
          co_window_of_opportunity_a, co_window_of_opportunity_a,
          co_window_of_opportunity_a, co_window_cross_1,
          co_window_of_opportunity_b, co_window_unsneaky_path_c,
          co_window_paths_c, co_window_corner_b, co_window_unsneaky_path_b,
          co_window_4corner_a, glass_columns_a, glass_columns_b,
          glass_columns_c, glass_columns_a, glass_columns_a, grunt_tough_drop,
          uniq_duvessa
D:5:      layout_basic, mainiacjoe_overflow_paths, temple_fountains

Skill      XL: |  1  2  3  4  5 |
---------------+----------------+-----
Stealth        | 5 6 7 10 11 | 11.8
Short Blades   | |  1.1
Dodging        | |  2.6
Spellcasting   | |  2.6
Hexes          | |  3.6

Action                   |  1- 3 |  4- 6 || total
-------------------------+-------+-------++-------
Melee: Dagger            |   130 |    43 ||   173
 Cast: Ensorcelled Hiber |     7 |    12 ||    19
  Use: Scroll            |     6 |       ||     6
 Stab: Sleeping          |    20 |    12 ||    32
       Distracted        |     1 |     1 ||     2
Armor: Robe              |    17 |     9 ||    26
Dodge: Dodged            |    80 |    25 ||   105
